 Dungeon Crawl Stone Soup version 0.20-a0-2-g2b0e13a (webtiles) character file.

32 Kaname the Stinger (level 3, 24/24 HPs)
             Began as a Demonspawn Venom Mage on Oct 28, 2016.
             Got out of the dungeon alive.
             The game lasted 00:02:57 (1083 turns).

Kaname the Stinger (Demonspawn Venom Mage)          Turns: 1083, Time: 00:02:57

Health: 24/24      AC:  4    Str:  8    XL:     3   Next: 8%
Magic:  6/6        EV: 12    Int: 17    God:
Gold:   87         SH:  0    Dex: 13    Spells: 1 memorised, 5 levels left

rFire  + . .     SeeInvis .     h - -2 spear (curse)
rCold  x . .     Gourm    .     a - +0 robe
rNeg   . . .     Faith    .     (no shield)
rPois  .         Spirit   .     (helmet restricted)
rElec  .         Reflect  .     (no cloak)
rCorr  .         Harm     .     i - +1 pair of gloves
MR     .....                    (no boots)
Stlth  ++........               (no amulet)
                                (no ring)
                                l - ring of fire

@: no status effects
A: antennae 1, powered by death 1
a: no special abilities


You escaped.
You were not hungry.

You visited 1 branch of the dungeon, and saw 2 of its levels.

You collected 87 gold pieces.

Inventory:

Hand Weapons
 h - a cursed -2 spear (weapon)
Armour
 a - a +0 robe (worn)
 e - a +2 helmet
 i - a +1 pair of gloves (worn)
Jewellery
 l - a ring of fire (left hand)
 n - an uncursed ring of ice
Scrolls
 k - a scroll of remove curse {unknown}
 m - a scroll of noise {unknown}
Potions
 d - 2 potions of heal wounds {unknown}
 f - 2 potions of flight {unknown}
Books
 b - a Young Poisoner's Handbook

   Spells                             Type                      Level
   a - Sting                          Conjuration/Poison           1
   b - Mephitic Cloud                 Conjuration/Poison/Air       3
   c - Olgreb's Toxic Radiance        Poison                       4
   d - Alistair's Intoxication        Transmutation/Poison         5
   e - Venom Bolt                     Conjuration/Poison           5
 o - a book of Misfortune

   Spells                             Type                      Level
   a - Confusing Touch                Hexes                        1
   b - Confuse                        Hexes                        3
   c - Gell's Gravitas                Hexes/Translocation          3
   d - Petrify                        Transmutation/Earth          4
   e - Metabolic Englaciation         Hexes/Ice                    5
   f - Yara's Violent Unravelling     Hexes/Transmutation          5
Comestibles
 c - 3 bread rations
 g - a meat ration


   Skills:
 - Level 1.7 Dodging
 - Level 1.7 Stealth
 - Level 2.0 Spellcasting
 + Level 2.8 Conjurations
 - Level 4.0 Poison Magic


You had 5 spell levels left.
You knew the following spells:

 Your Spells              Type           Power        Failure   Level  Hunger
a - Sting                 Conj/Pois      ##..         6%          1    #......


Dungeon Overview and Level Annotations

Branches:
Dungeon (2/15)

Altars:
Zin


Innate Abilities, Weirdness & Mutations

You have a pair of small antennae on your head.
You regenerate a little health from kills.


Message History

There is a stone staircase leading down here.
A kobold comes into view.
No target in view!
No target in view!
No target in view!
The kobold shouts!
Attack whom?
Press: ? - help, Dir - move target cursor, f - kobold
Aim: a kobold You reach to attack!
You barely miss the kobold. You barely miss the kobold.
The kobold hits you but does no damage.
You hit the kobold.
You kill the kobold!
No target in view!
No target in view!
You see here a chain mail.
There is an open gate here.
There is a staircase leading out of the dungeon here.
Are you sure you want to leave the Dungeon?
This will make you lose the game!
You have escaped!

#.....# #..# #.# #.#####
####.# #.# #.# ###..#.###.#
#.# ###....#.....# #.#
###......#.##### #.#
###........#.#
#.#####......≈≈..#.#
#..'.......≈≈≈≈..#.#
#..'.....≈≈≈≈≈≈.@#.# #######
##.'.......§≈≈≈..#.# #.....#
######......≈≈..#.###.....###
###........#..÷........#
###......#.#########.#
#####....#.## #.#
#...###..#..# #.#
#.....####..# #.#
#...#.###...#### ##.###


There were no monsters in sight!

Vanquished Creatures
  An adder (D:2)
  A dart slug (D:2)
  A leopard gecko (D:1)
  3 bats (D:1)
  2 giant cockroaches
  3 goblins
  A hobgoblin (D:2)
  A quokka (D:2)
  2 frilled lizards (D:1)
  2 kobolds
  2 rats (D:1)
19 creatures vanquished.

Notes
Turn   | Place    | Note
-------+----------+-------------------------------------------
     0 | D:1      | Kaname the Demonspawn Venom Mage began the quest for the Orb.
     0 | D:1      | Reached XP level 1. HP: 13/13 MP: 3/3
   122 | D:1      | Reached skill level 1 in Conjurations
   458 | D:1      | Gained mutation: You regenerate a little health from kills. [demonic ancestry]
   458 | D:1      | Reached XP level 2. HP: 19/19 MP: 3/5
   756 | D:2      | Found a glowing silver altar of Zin.
   973 | D:2      | Gained mutation: You have a pair of small antennae on your head. [demonic ancestry]
   973 | D:2      | Reached XP level 3. HP: 24/24 MP: 3/6
  1083 | D:$      | Got out of the dungeon alive.

Vault maps used:
D:1:      lemuel_arrival_funnel, hangedman_decor_push
D:2:      lemuel_crystal_altar, chequers_temple_overflow_minitemple

Skill      XL: |  1  2 |
---------------+-------+-----
Conjurations   | 1 2 |  2.8
Dodging        | |  1.7
Stealth        | |  1.7
Spellcasting   | |  2.0
Poison Magic   | |  4.0

Action                   || total
-------------------------++-------
Melee: Spear             ||    48
       Unarmed           ||     1
 Cast: Sting             ||    21
 Stab: Sleeping          ||     1
  Eat: Chunk             ||     1
Armor: Robe              ||    15
Dodge: Dodged            ||    26
